 Dungeon Crawl Stone Soup version 0.27-a0-1612-gde56a17b89 (webtiles) character file.

Game seed: 9765133104941645178

39 tilp the Magician (level 3, -3/14 HPs)
             Began as a Felid Hedge Wizard on July 21, 2021.
             Was an Initiate of Hepliaklqana.
             Frozen to death by an endoplasm (5 damage)
             ... on level 2 of the Dungeon.
             The game lasted 00:03:21 (2092 turns).

tilp the Magician (Felid Hedge Wizard)              Turns: 2092, Time: 00:03:21

Health: -3/14      AC:  1    Str:  6    XL:     3   Next: 28%
Magic:  2/8        EV: 17    Int: 16    God:    Hepliaklqana [......]
Gold:   60         SH:  0    Dex: 15    Spells: 1/8 levels left
                                        Lives:  0   Deaths: 0

rFire    . . .     SeeInvis +     - Unarmed
rCold    . . .     Faith    .   (shield unavailable)
rNeg     . . .     Spirit   .   (armour unavailable)
rPois    .         Reflect  .   (helmet unavailable)
rElec    .         Harm     .   (cloak unavailable)
rCorr    .         Rampage  .   (gloves unavailable)
Will     .....                  (boots unavailable)
Stlth    ++........             (no amulet)
HPRegen  0.04/turn              (no ring)
MPRegen  0.11/turn              (no ring)

@: quick
A: very small, claws 1, fangs 3, see invisible, speed 1, shaggy fur 1, stealthy
paws, no weapons or thrown items, no armour, multi-lived
a: Renounce Religion


You were on level 2 of the Dungeon.
You worshipped Hepliaklqana.
Hepliaklqana was noncommittal.
You visited 1 branch of the dungeon, and saw 2 of its levels.

You collected 60 gold pieces.

Inventory:

Scrolls
 b - a scroll of amnesia {unknown}
 c - 2 scrolls of identify {unknown}
Potions
 a - a potion of mutation {unknown}
 d - a potion of brilliance {unknown}
 e - a potion of degeneration {unknown}
 f - a potion of ambrosia {unknown}


   Skills:
 - Level 2.6 Dodging
 - Level 2.6 Stealth
 - Level 2.0 Unarmed Combat
 + Level 3.0 Spellcasting
 - Level 2.0 Conjurations
 - Level 1.0 Summonings
 + Level 1.8 Translocations


You had one spell level left.
You knew the following spells:

 Your Spells              Type           Power      Damage    Failure   Level
a - Magic Dart            Conj           32%        1d4       9%          1
b - Blink                 Tloc           N/A        N/A       13%         2
c - Call Imp              Summ           5%         N/A       19%         2
d - Slow                  Hex            2%         N/A       28%         2

Your spell library contained the following spells:

 Spells                   Type           Power      Damage    Failure   Level
 Conjure Flame            Conj/Fire      5%         6-21      36%         3
 Mephitic Cloud           Conj/Pois/Air  4%         N/A       38%         3
 Ozocubu's Armour         Ice            2%         N/A       50%         3
 Ozocubu's Refrigeration  Ice            1%         4d5       100%        7


Dungeon Overview and Level Annotations

Branches:
Dungeon (2/15)

Altars:
Hepliaklqana

Annotations:
D:1 exclusion: gnoll


Innate Abilities, Weirdness & Mutations

You have sharp claws.
You have razor-sharp teeth.
You have supernaturally acute eyesight. (SInv)
You cover ground quickly. (Speed+)
You are covered in fur. (AC +1)
Your paws help you pounce on unaware monsters.
You are incapable of wielding weapons or throwing items.
You cannot wear armour.
You gain extra lives every three experience levels.


Message History

Unknown command.
You barely miss the quokka.
The quokka is almost dead.
The quokka misses you.
Your crimson imp blinks!
Unknown command.
You closely miss the quokka. Your bite misses the quokka.
The quokka is severely wounded.
The quokka closely misses you. The quokka misses you.
The worm closely misses you.
Unknown command.
Casting: Call Imp (safe; 19% risk of failure)
Confirm with . or Enter, or press ? or * to list all spells.
You don't have enough magic to cast this spell.
Unknown command.
You scratch the quokka.
You kill the quokka!
Unknown command.
Unknown command.
Unknown command.
The dart slug launches a dart at you. The slug dart hits you.
The dart slug launches a dart at you. The slug dart hits you.
* * * LOW HITPOINT WARNING * * *
Found a bronze wand.
The dart slug launches a dart at you. The slug dart misses you.
Found an escape hatch in the ceiling.
An endoplasm comes into view.
Found 18 stones and 8 gold pieces.
Found 22 arrows.
Found 16 gold pieces.
The endoplasm quivers.
An adder comes into view.
The adder hisses angrily.
You see here a wand of paralysis (7).
The endoplasm freezes you.
You are frozen.
You die...

##### #### ##...##...#
##..........
#.......(...
#..J........
#...@...S...
######../.....$..
###......#........#
######...####.....#.....
#..........##....#######
#..........##($.....
#..........##....###
#...w......#######
#...5...w.>#


You could see an adder and an endoplasm.

Vanquished Creatures
  2 dart slugs
  2 bats
  2 endoplasms (D:1)
  3 giant cockroaches (D:1)
  3 hobgoblins
  A jackal (D:1)
  A quokka (D:2)
  4 ball pythons (D:1)
  2 frilled lizards
  4 kobolds
  2 rats
26 creatures vanquished.

Vanquished Creatures (collateral kills)
  An adder (D:2)
1 creature vanquished.

Grand Total: 27 creatures vanquished

Notes
Turn   | Place    | Note
-------+----------+-------------------------------------------
     0 | D:1      | tilp the Felid Hedge Wizard began the quest for the Orb.
     0 | D:1      | Reached XP level 1. HP: 7/7 MP: 5/5
    72 | D:1      | Reached skill level 1 in Conjurations
   631 | D:1      | Reached XP level 2. HP: 11/11 MP: 4/7
   675 | D:1      | Learned a level 2 spell: Blink
   678 | D:1      | Learned a level 2 spell: Call Imp
   681 | D:1      | Learned a level 2 spell: Slow
   944 | D:2      | Reached skill level 1 in Unarmed Combat
  1301 | D:2      | Found a hazy altar of Hepliaklqana.
  1313 | D:2      | Became a worshipper of Hepliaklqana the Forgotten
  1462 | D:1      | Reached XP level 3. HP: 10/14 MP: 8/8
  1648 | D:1      | Found a faded altar of an unknown god.
  2092 | D:2      | Frozen to death by an endoplasm

Illustrated notes

Levels and vault maps discovered:
D:1:      nzn_arrival_crosshair, layout_basic,
          shapermc_ecumenical_altar_starsandcircs, roderic_serpentine_path,
          minmay_misc_feat_alley, minmay_distorted
D:2:      minmay_recursive_quarters, layout_rooms, basic_altar

Skill      XL: |  1  2  3 |
---------------+----------+-----
Conjurations   | 1 2 |  2.0
Unarmed Combat | 1 2 |  2.0
Dodging        | |  2.6
Stealth        | |  2.6
Spellcasting   | |  3.0
Summonings     | |  1.0
Translocations | |  1.8

Action                   || total
-------------------------++-------
Melee: Unarmed           ||    46
       Bite              ||     3
 Cast: Magic Dart        ||    34
       Call Imp          ||     3
       Blink             ||     2
 Stab: Sleeping          ||     3
Armor: Skin              ||     5
Dodge: Dodged            ||    59

Table legend: (Time is in decaauts)
 A = Elapsed time spent in this place.
 B = Non-inter-level travel time spent in this place.
 C = Inter-level travel time spent in this place.
 D = Time resting spent in this place.
 E = Time spent auto-exploring this place.
 F = Levels seen in this place.
 G = Mean time per level.
                   A        B        C        D        E       F      G
               +--------+--------+--------+--------+--------+-----+--------+
         Total |   1846 |   1789 |     57 |    504 |   1043 |   2 |  923.0 |
       Dungeon |   1846 |   1789 |     57 |    504 |   1043 |   2 |  923.0 |
               +--------+--------+--------+--------+--------+-----+--------+

Top non-repeatable levels by time:
     D:1: 1186 daAuts
     D:2: 660 daAuts
